 Dungeon Crawl Stone Soup version 0.28-a0-1412-gf95308ed99 (console) character file.

Game seed: 18211355133348563882

450 petzl the Shield-Bearer (level 7, -5/9 (51) HPs)
             Began as a Formicid Arcane Marksman on Jan 7, 2022.
             Killed from afar by an orc wizard (6 damage)
             ... with a puff of flame
             ... on level 11 of the Dungeon.
             The game lasted 00:26:27 (5723 turns).

petzl the Shield-Bearer (Formicid Arcane Marksman)  Turns: 5723, Time: 00:26:28

HP:   -5/9 (51)     AC:  6    Str: 14    XL:     7   Next: 25%
MP:   12/12         EV: 10    Int: 15    God:
Gold: 169           SH:  4    Dex: 11    Spells: 11/12 levels left

rFire   . . .      SeeInvis +   c - +9 falchion {drain, rPois Will+ rCorr Stlth-}
rCold   . . .      Faith    .   h - +0 buckler
rNeg    + . .      Spirit   .   n - +0 ring mail
rPois   +          Reflect  .   (helmet unavailable)
rElec   .          Harm     .   (no cloak)
rCorr   +          Rampage  .   (no gloves)
Will    +....                   i - +0 pair of boots
Stlth   ..........              (no amulet)
HPRegen 0.03/turn               k - ring of resist corrosion
MPRegen 0.13/turn               d - ring of positive energy

@: extremely drained
A: permanent stasis, dig shafts and tunnels, antennae 3, four strong arms
a: Dig, Shaft Self


You were on level 11 of the Dungeon.
You visited 1 branch of the dungeon, and saw 12 of its levels.
You also visited: Sewer.

You collected 169 gold pieces.

Inventory:

Hand Weapons
 a - a +1 short sword of protection
 b - a +0 hand crossbow
 c - the +9 falchion "Bupeysh" (weapon) {drain, rPois Will+ rCorr Stlth-}
   (You found it on level 10 of the Dungeon)

   A truly terrible weapon, it drains the life of any living foe it strikes.
   rPois:     It protects you from poison.
   rCorr:     It protects you from acid and corrosion.
   Will:      It increases your willpower.
   Stlth:     It makes you less stealthy.
 o - a +0 spear of distortion {!f =f}
 p - a +2 short sword of speed
Missiles
 q - 3 poisoned darts (quivered)
 r - 28 bolts
Armour
 h - a +0 buckler (worn)
 i - a +0 pair of boots (worn)
 m - a +0 kite shield
 n - a +0 ring mail (worn)
Jewellery
 d - a ring of positive energy (right hand)
 k - a ring of resist corrosion (left hand)
Wands
 g - a wand of flame (6)
Scrolls
 l - 2 scrolls of immolation
 s - a scroll of identify
Potions
 e - a potion of mutation {unknown}
 f - 4 potions of curing
 j - a potion of brilliance {unknown}
 t - a potion of resistance {unknown}


   Skills:
 + Level 2.7 Fighting
 + Level 3.0 Crossbows
 + Level 2.1 Armour
 + Level 2.6 Dodging
 + Level 2.6 Stealth
 * Level 3.7 Shields
 * Level 3.3 Spellcasting
 - Level 3.6 Hexes


You had 11 spell levels left.
You knew the following spells:

 Your Spells              Type           Power      Damage    Failure   Level
a - Slow                  Hex            52%        N/A       11%         1

Your spell library contained the following spells:

 Spells                   Type           Power      Damage    Failure   Level
 Animate Skeleton         Necr           4%         N/A       43%         1
 Pain                     Necr           8%         1d4       43%         1
 Inner Flame              Hex/Fire       7%         N/A       56%         3
 Portal Projectile        Hex/Tloc       14%        N/A       56%         3
 Cause Fear               Hex            6%         N/A       71%         4
 Vampiric Draining        Necr           2%         2d6       80%         3


Dungeon Overview and Level Annotations

Branches:
Dungeon (13/15)             Sewer (visited)
 Temple: D:4-7         Lair: D:8-11         Orc: D:9-12      Vaults: D:13-14

Altars:
Dithmenos
Hepliaklqana
Uskayaw

Annotations:
D:3 1 runed translucent door, exclusion: scorpion, taxman66's ghost, amateur DrFE
D:6 exclusion: upstairs
D:9 exclusion: upstairs
D:10 exclusions: downstairs and upstairs
D:11 exclusion: downstairs
D:12 exclusion: downstairs


Innate Abilities, Weirdness & Mutations

You cannot be hasted, slowed, berserked, paralysed or teleported.
You can dig through walls and to a lower floor.
You have a pair of large antennae on your head. (SInv)
Your four strong arms can wield two-handed weapons with a shield.


Message History

t - a bubbling purple potion An orc wizard comes into view.
It is wielding a +0 dagger.
The orc wizard shouts!
You hear a shout!
You hear a horrible gurgling sound!
Unknown command.
Your +1 short sword of protection goes still.
You sense an unholy aura.
c - the +9 falchion "Bupeysh" (weapon)
{drain, rPois Will+ rCorr Stlth-} You hit the orc wizard.
The orc wizard is lightly wounded.
The orc wizard hits you but does no damage.
You hit the orc wizard.
The orc wizard is lightly wounded.
The orc wizard hits you but does no damage.
You block the orc wizard's attack.
You hit the orc wizard but do no damage.
The orc wizard is lightly wounded.
The orc wizard hits you but does no damage.
You hit the orc wizard but do no damage.
The orc wizard is lightly wounded.
The orc wizard hits you with a +0 dagger.
You closely miss the orc wizard.
The orc wizard is lightly wounded.
The orc wizard hits you but does no damage.
The orc wizard hits you with a +0 dagger.
You slash the orc wizard!
The orc wizard is almost dead.
The orc wizard points at you and mumbles some strange words.
The puff of flame hits you.
* * * LOW HITPOINT WARNING * * *
You barely miss the orc wizard.
The orc wizard is almost dead.
The orc wizard casts a spell.
The orc wizard flickers and vanishes for a moment.
You barely miss the orc wizard.
The orc wizard is almost dead.
The orc wizard completely misses you.
The orc wizard gestures at you while chanting.
The puff of flame hits you.
Ouch! That really hurt!
You die...

#.........# ##.+
{
#.........####..#
#.........'.>..##
{ {
#.........######
#.........#
#.........#
#.........# {
#.........#
########'## ##.#
#..# #.## #.# #.#
##.# #..# ##.##
###..# #.@.##
#o### #.# #.# #.#
#.# ... ... ... {
.....


You could see an orc wizard (invisible).

Vanquished Creatures
  A kobold brigand (D:8)
  2 bullfrogs (Sewer)
  A centaur skeleton (D:7)
  A centaur zombie (D:7)
  An orc wizard (D:3)
  7 adders
  A gnoll (D:3)
  A white imp (D:8)
  A worm (D:2)
  2 dart slugs
  9 orcs
  6 endoplasms
  11 giant cockroaches
  2 goblins
  3 hobgoblins
  5 quokkas
  7 ball pythons
  7 bats
  11 frilled lizards
  11 kobolds
  3 rats (D:2)
93 creatures vanquished.

Notes
Turn   | Place    | Note
-------+----------+-------------------------------------------
     0 | D:1      | petzl the Formicid Arcane Marksman began the quest for the
                  | Orb.
     0 | D:1      | Reached XP level 1. HP: 15/15 MP: 2/2
   378 | D:1      | Reached XP level 2. HP: 19/21 MP: 4/4
   854 | D:2      | Reached XP level 3. HP: 17/26 MP: 5/5
  1157 | D:2      | Reached skill level 1 in Shields
  1262 | D:2      | Reached skill level 1 in Stealth
  1342 | D:2      | Found a faded altar of an unknown god.
  1371 | D:2      | Reached skill level 1 in Armour
  1492 | D:2      | Reached XP level 4. HP: 25/32 MP: 6/6
  2179 | D:3      | Noticed a scorpion
  2309 | D:3      | Found a runed translucent door.
  2309 | D:3      | Noticed taxman66's ghost (amateur DrFE)
  2392 | D:3      | Found a shadowy altar of Dithmenos.
  2677 | D:3      | Noticed an ice beast
  2838 | D:3      | Reached XP level 5. HP: 32/38 MP: 8/8
  3103 | D:3      | You fall into a shaft and drop 2 floors!
  3103 | D:5      | Entered Level 5 of the Dungeon
  3137 | D:5      | Noticed an ogre
  3170 | D:5      | You fall into a shaft and drop 2 floors!
  3446 | D:7      | Reached XP level 6. HP: 44/44 MP: 5/10
  3482 | D:6      | Noticed a black bear
  3482 | D:6      | Noticed an ogre
  3577 | D:6      | Found a glowing drain.
  3589 | Sewer    | Entered a sewer
  4483 | Sewer    | Reached XP level 7. HP: 51/51 MP: 11/11
  4724 | D:6      | You fall into a shaft and drop 2 floors!
  5037 | D:9      | Noticed a cyan ugly thing
  5037 | D:9      | Found a hide-covered altar of Uskayaw.
  5051 | D:9      | You fall into a shaft and drop 1 floor!
  5051 | D:10     | Entered Level 10 of the Dungeon
  5270 | D:10     | Identified the +9 falchion "Bupeysh" {drain, rPois Will+
                  | rCorr Stlth-}
  5282 | D:11     | Noticed a wyvern
  5330 | D:10     | Noticed a two-headed ogre
  5334 | D:10     | Noticed a wraith
  5362 | D:10     | Found a hazy altar of Hepliaklqana.
  5386 | D:10     | You fall into a shaft and drop 2 floors!
  5576 | D:13     | Noticed a shadow
  5637 | D:12     | Noticed a boulder beetle
  5659 | D:12     | Noticed a slime creature
  5660 | D:12     | Noticed a slime creature
  5723 | D:11     | Killed from afar by an orc wizard

Illustrated notes

Levels and vault maps discovered:
D:1:      tarquinn_simple_flora_water_a, layout_basic, serial_bayou,
          serial_bayou_pond_d, serial_bayou_pond_b, serial_bayou_shore_a,
          serial_bayou_crossing
D:2:      layout_loops_ring, hellmonk_ecumenical_altar_inner_sanctum,
          grunt_ministairs_13, minmay_tiny_reverse_x
D:3:      layout_loops_ring, nicolae_overflow_hidden_temple,
          nicolae_dithmenos_through_a_glass_darkly, ebering_ghost_sewer_f
D:5:      lemuel_ice_spiral_2, layout_basic, lemuel_coloured_pillars_altar,
          lemuel_crystal_altar, gammafunk_temple_overflow_forgotten,
          bh_walls_and_bars, uniq_blork_the_orc
D:6:      layout_basic, trog_book, minmay_temple_entry_hall,
          cheibrodos_sewer_entry_sluice
D:7:      layout_cave_pools, enter_bailey_3
D:8:      layout_loops_ring, david_lair_generic, uniq_gastronok
D:9:      layout_cave_pools, mainiacjoe_overflow_boulevard,
          eat_drink_and_be_merry_uskayaw, minmay_ruffians, uniq_psyche
D:10:     layout_cave_pods, mainiacjoe_overflow_concentric_impassable,
          minmay_orc_entry_guard_dogs, amcnicky_mini_pool_small,
          chequers_mini_garden, wad_floor_pattern_1
D:11:     layout_roguey [special_room_bee]
D:12:     layout_basic
D:13:     layout_basic, lightli_vaults_fourway_checkpoint,
          kennysheep_generic_room_2, uniq_erolcha

Skill      XL: |  1  2  3  4  5  6  7 |
---------------+----------------------+-----
Shields        | 1 2 3 |  3.7
Stealth        | 1 2 |  2.6
Dodging        | 2 |  2.6
Armour         | 1 2 |  2.1
Spellcasting   | 2 3 |  3.3
Fighting       | 2 |  2.7
Crossbows      | 3 |  3.0
Hexes          | |  3.6

Action                   |  1- 3 |  4- 6 |  7- 9 || total
-------------------------+-------+-------+-------++-------
Melee: Mace              |    37 |    71 |       ||   108
       Short sword       |       |   142 |    66 ||   208
       Falchion          |       |       |    10 ||    10
 Fire: Hand crossbow     |    50 |    61 |     7 ||   118
 Cast: Slow              |     4 |    31 |    12 ||    47
 Abil: Shaft Self        |       |     2 |     3 ||     5
       Dig               |       |     2 |     5 ||     7
Evoke: Wand              |       |       |     1 ||     1
  Use: Scroll            |       |     2 |     1 ||     3
       Potion            |       |     1 |       ||     1
 Stab: Distracted        |     1 |       |       ||     1
       Sleeping          |     1 |       |       ||     1
Armor: Robe              |     9 |     1 |       ||    10
       Ring mail         |       |    87 |    46 ||   133
       Leather armour    |       |     1 |       ||     1
Dodge: Dodged            |    25 |   144 |    57 ||   226
Block: Buckler           |     6 |    69 |    28 ||   103

Table legend: (Time is in decaauts)
 A = Elapsed time spent in this place.
 B = Non-inter-level travel time spent in this place.
 C = Inter-level travel time spent in this place.
 D = Time resting spent in this place.
 E = Time spent auto-exploring this place.
 F = Levels seen in this place.
 G = Mean time per level.
                   A        B        C        D        E       F      G
               +--------+--------+--------+--------+--------+-----+--------+
         Total |   5974 |   5774 |    200 |   1912 |   1597 |  13 |  459.5 |
       Dungeon |   4726 |   4526 |    200 |   1404 |   1597 |  12 |  393.8 |
         Sewer |   1247 |   1247 |      0 |    508 |      0 |   1 | 1247.0 |
               +--------+--------+--------+--------+--------+-----+--------+

Top non-repeatable levels by time:
     D:2: 1435 daAuts
   Sewer: 1247 daAuts
     D:3: 895 daAuts
     D:1: 884 daAuts
    D:10: 331 daAuts
     D:8: 318 daAuts
     D:7: 313 daAuts
    D:12: 275 daAuts
     D:6: 107 daAuts
     D:5: 84 daAuts
    D:11: 64 daAuts
     D:9: 16 daAuts
    D:13: 1 daAuts
